 Dungeon Crawl Stone Soup version 0.28-a0-925-gd5e1996cdb (webtiles) character file.

Game seed: 1264472209619930185

14182 jasper the Grappler (level 12, -8/65 HPs)
             Began as a Vine Stalker Berserker on Nov 26, 2021.
             Was an Elder of Trog.
             Mangled by a catoblepas (12 damage)
             ... in a Gauntlet.
             The game lasted 00:16:15 (10160 turns).

jasper the Grappler (Vine Stalker Berserker)       Turns: 10160, Time: 00:16:15

Health: -8/65      AC: 16    Str: 28    XL:     12   Next: 13%
Magic:  0/13       EV:  9    Int:  7    God:    Trog [****..]
Gold:   177        SH: 10    Dex: 14    Spells: 11/11 levels left

rFire   + . .      SeeInvis .     - Unarmed
rCold   . . .      Faith    .   p - +0 buckler
rNeg    . . .      Spirit   +   B - +1 chain mail of Claustrophobia {rElec rF+ Str+3}
rPois   .          Reflect  +   A - +2 helmet
rElec   +          Harm     .   F - +0 cloak
rCorr   .          Rampage  .   (no gloves)
Will    +++..      NoTele   +   (no boots)
Stlth   ..........              C - amulet of reflection
HPRegen 2.00/turn               v - ring of Shadows {Umbra +Inv Stlth+}
MPRegen 0.13/turn               (no ring)

@: strong-willed, on berserk cooldown, regenerating, slowed, wreathed by umbra,
very slow
A: fangs 3, regeneration 1, magic shield, antimagic bite, no potion heal 2
a: Renounce Religion, Evoke Invisibility, Berserk, Trog's Hand, Brothers in Arms


You were in a Gauntlet.
You worshipped Trog.
Trog was greatly pleased with you.
You visited 2 branches of the dungeon, and saw 12 of its levels.
You also visited: Gauntlet.

You collected 465 gold pieces.
You spent 288 gold pieces at shops.

Inventory:

Missiles
 i - 496 stones (quivered)
 n - a throwing net
 q - 18 poisoned darts
 G - 2 curare-tipped darts
Armour
 a - a +1 animal skin
 g - a +0 ring mail
 p - a +0 buckler (worn)
 s - a +0 ring mail of poison resistance
 A - a +2 helmet (worn)
 B - the +1 chain mail of Claustrophobia (worn) {rElec rF+ Str+3}
   (You bought it in a shop on level 6 of the Dungeon)

   Str:       It affects your strength (+3).
   rF:        It protects you from fire.
   rElec:     It insulates you from electricity.
 F - a +0 cloak (worn)
 H - the +1 ring mail of Impressiveness {rF+ Int+2}
   (You found it on level 10 of the Dungeon)

   Int:       It affects your intelligence (+2).
   rF:        It protects you from fire.
Jewellery
 v - the ring of Shadows (left hand) {Umbra +Inv Stlth+}
   (You found it on level 5 of the Dungeon)

   [ring of stealth]

   It surrounds you with an aura of shadow, increasing your stealth and reducing
   the accuracy of all within it (including the wearer).
   +Inv:      It lets you turn invisible.
   Stlth:     It makes you more stealthy.
 C - an amulet of reflection (around neck)
Wands
 h - a wand of acid (11)
 r - a wand of iceblast (12)
 u - a wand of charming (15)
 E - a wand of mindburst (18)
Scrolls
 b - 2 scrolls of immolation
 f - 2 scrolls of enchant armour
 m - a scroll of fear
 o - 2 scrolls of summoning
 y - 2 scrolls of torment
 z - 3 scrolls of teleportation
 D - a scroll of blinking
Potions
 c - 5 potions of curing
 d - 3 potions of flight
 e - a potion of cancellation
 j - a potion of attraction
 l - 2 potions of ambrosia
 t - a potion of degeneration
 w - 2 potions of brilliance
 x - 3 potions of heal wounds
 I - a potion of haste
Miscellaneous
 k - a lightning rod (3/4)


   Skills:
 + Level 8.3 Fighting
 + Level 7.3 Armour
 - Level 1.5 Dodging
 - Level 4.0 Shields
 * Level 12.4 Unarmed Combat
 + Level 7.2 Evocations


You had 11 spell levels left.
You didn't know any spells.
Your spell library was empty.

Dungeon Overview and Level Annotations

Branches:
Dungeon (11/15)            Temple (1/1) D:4            Lair (0/6) D:10
Gauntlet (1/1)
    Orc: D:9-12

Altars:
Ashenzari
Cheibriados
Dithmenos
Elyvilon
Fedhas
Gozag
Hepliaklqana
Kikubaaqudgha
Makhleb
Nemelex Xobeh
Okawaru
Qazlal
Ru
Sif Muna
Trog
Uskayaw
Vehumet
Wu Jian
Xom
Yredelemnul
Zin
The Shining One

Shops:
D:6 :[

Annotations:
Gauntlet 15 transporters, 21 runed translucent doors, exclusion: ice statue


Innate Abilities, Weirdness & Mutations

You have razor-sharp teeth.
Your natural rate of healing is unusually fast.
When hurt, damage is shared between your health and your magic reserves.
Your bite disrupts and absorbs the magic of your enemies.
Potions cannot restore your health.


Message History

The blast of calcifying dust hits you but does no damage.
You regained 2 hp, and now have 67/97 hp.
Unknown command.
You hit the catoblepas but do no damage.
Your bite misses the catoblepas.
The catoblepas is moderately wounded.
You are engulfed in calcifying dust.
You block the catoblepas's attack.
You have turned to stone.
You are engulfed in calcifying dust.
The catoblepas gores you! The catoblepas gores you!!
The catoblepas gores you. x2
Your skin stops crawling.
You feel less strong-willed. The catoblepas gores you!
The catoblepas gores you but does no damage.
The catoblepas gores you!!
The catoblepas gores you but does no damage.
The catoblepas gores you!!
You are no longer berserk.
You feel yourself slow down.
The catoblepas breathes in.
The catoblepas gores you!
You turn to flesh and can move again.
You now have 25/65 hp.
Unknown command.
Unknown command.
Your skin crawls.
You feel strong-willed. The catoblepas gores you!
* * * LOW HITPOINT WARNING * * *
You take 9 damage, and have 16/65 hp.
You now have 4/13 mp.
The catoblepas gores you!!
* * * LOW HITPOINT WARNING * * *
You block the catoblepas's attack.
You take 15 damage, and have 1/65 hp.
MASSIVE DAMAGE!!
You now have 0/13 mp.
Okay, then.
As you read the scroll of fear, it crumbles to dust.
You assume a fearsome visage.
The gargoyle is unaffected.
The catoblepas resists with almost no effort.
The catoblepas gores you!
You die...

..ZZ#...#........k#..#
#####...###########..#
......≈......©......§###
.....≈8≈........∩...∩#8#
......≈......©......§###
#####...###########..#
.#.4#...#......9..#..#
©.#.#...#.#...###Y#..###
.#.##...#...###.@.#..#8#
.#.3###.#.###...#.#..###
#.###©#.#.#..©###.#..#
.#.##.#.#...###...#..###
.##.#.#.#.###...#.#..#8#
..#3#.#.#.#...#.#.#..###
.####.#.#....©[|..#..#
#####.#############..###
≈≈≈≈#........©#.....§#8#


You could see a catoblepas and a gargoyle.

Vanquished Creatures
  Gastronok (D:9)
  A hydra (D:11)
  2 two-headed ogres
  Erica (D:9)
  A death knight (D:8)
  3 death yaks (D:10)
  A goliath frog (D:8)
  2 kobold demonologists (D:10)
  A troll (D:10)
  A hornet (D:9)
  Sigmund (D:2)
  A vampire (D:10)
  A fire bat (D:9)
  A spriggan (D:7)
  3 wyverns
  3 wraiths
  2 steam dragons
  8 yaks
  4 vampire mosquitoes (D:11)
  4 acid dragons
  A water moccasin (D:8)
  An ice beast (D:7)
  A black bear (D:6)
  2 orc warriors
  3 necrophages
  3 ogres
  A centaur (D:9)
  2 kobold brigands
  2 gnoll sergeants
  2 bullfrogs
  A wyvern zombie (D:5)
  2 scorpions
  A killer bee (D:8)
  A water moccasin skeleton (D:5)
  8 wights
  An electric eel (D:10)
  2 centaur zombies (D:9)
  A jelly (D:8)
  An orc priest (D:8)
  2 hounds (D:7)
  A centaur skeleton (D:7)
  Jessica (D:2)
  2 iguanas
  A hell rat (D:10)
  Natasha (thrice) (D:2)
  6 orc wizards
  A killer bee zombie (D:8)
  5 adders
  21 gnolls
  5 river rats (D:10)
  3 shadow imps
  An adder zombie (D:5)
  3 worms
  A dart slug (D:1)
  19 orcs
  8 ball pythons
  4 bats
  5 endoplasms
  5 giant cockroaches
  32 goblins
  30 hobgoblins
  4 jackals (D:2)
  17 kobolds
  6 quokkas
  3 frilled lizards
  4 rats
271 creatures vanquished.

Vanquished Creatures (collateral kills)
  A black bear (D:8)
1 creature vanquished.

Vanquished Creatures (others)
  2 demonic plants (Gauntlet)
  A fungus (D:10)
  14 withered plants (Gauntlet)
17 creatures vanquished.

Grand Total: 289 creatures vanquished

Notes
Turn   | Place    | Note
-------+----------+-------------------------------------------
     0 | D:1      | jasper the Vine Stalker Berserker began the quest for the
                  | Orb.
     0 | D:1      | Reached XP level 1. HP: 11/11 MP: 2/2
    24 | D:1      | Reached XP level 2. HP: 12/16 MP: 1/3
  1041 | D:1      | Reached XP level 3. HP: 20/20 MP: 4/4
  1184 | D:2      | Noticed Sigmund
  1196 | D:2      | Killed Sigmund
  1197 | D:2      | Reached skill level 4 in Unarmed Combat
  1197 | D:2      | Gained mutation: Your natural rate of healing is unusually
                  | fast. [Vine Stalker growth]
  1197 | D:2      | Reached XP level 4. HP: 18/25 MP: 2/5
  1197 | D:2      | Reached XP level 5. HP: 21/28 MP: 2/6
  1381 | D:2      | Noticed Natasha
  1394 | D:2      | Killed Natasha
  1395 | D:2      | Reached skill level 5 in Unarmed Combat
  1395 | D:2      | Reached XP level 6. HP: 33/33 MP: 7/7
  1455 | D:2      | Noticed Jessica
  1459 | D:2      | Killed Jessica
  1460 | D:2      | Noticed Natasha
  1466 | D:2      | Killed Natasha
  1466 | D:2      | Reached ** piety under Trog
  1488 | D:2      | Noticed Natasha
  1520 | D:2      | Killed Natasha
  2361 | D:3      | Reached *** piety under Trog
  2366 | D:3      | Reached XP level 7. HP: 34/37 MP: 5/8
  2504 | D:3      | Reached skill level 1 in Evocations
  2711 | D:3      | Found a faded altar of an unknown god.
  3399 | D:4      | Reached skill level 6 in Unarmed Combat
  3591 | D:4      | Found a staircase to the Ecumenical Temple.
  4249 | D:4      | Found an ornate altar of the Wu Jian Council.
  4292 | D:4      | Found a burning altar of Makhleb.
  4464 | Temple   | Entered the Ecumenical Temple
  4480 | D:5      | Entered Level 5 of the Dungeon
  4500 | D:5      | Gained mutation: You have razor-sharp teeth. [Vine Stalker
                  | growth]
  4500 | D:5      | Reached XP level 8. HP: 40/42 MP: 4/9
  4656 | D:5      | Reached skill level 7 in Unarmed Combat
  4932 | D:5      | Found a hazy altar of Hepliaklqana.
  4991 | D:5      | Found the ring of Shadows {Umbra +Inv Stlth+}
  5443 | D:6      | Found a hide-covered altar of Uskayaw.
  5496 | D:6      | Found Inof's Antique Armour Shop.
  5503 | D:6      | Bought a runed helmet for 127 gold pieces
  5586 | D:6      | Bought a dazzling chain mail for 161 gold pieces
  5586 | D:6      | Identified the +1 chain mail of Claustrophobia {rElec rF+
                  | Str+3} (You bought it in a shop on level 6 of the Dungeon)
  5761 | D:6      | Found Veckim's Self-Improvement Boutique.
  6090 | D:7      | Reached skill level 5 in Fighting
  6196 | D:7      | Reached XP level 9. HP: 47/47 MP: 10/10
  6422 | D:7      | Found a broken altar of Ashenzari.
  6650 | D:8      | Reached skill level 8 in Unarmed Combat
  6713 | D:8      | Reached **** piety under Trog
  6852 | D:8      | Found a shimmering blue altar of Sif Muna.
  6999 | D:8      | Reached skill level 5 in Armour
  7050 | D:8      | Reached skill level 9 in Unarmed Combat
  7128 | D:8      | Noticed a death knight
  7134 | D:8      | Noticed a boulder beetle
  7141 | D:8      | Reached XP level 10. HP: 53/53 MP: 9/11
  7148 | D:8      | Killed a death knight
  7150 | D:8      | Noticed a goliath frog
  7150 | D:8      | a boulder beetle changed into a goliath frog
  7169 | D:8      | Killed a goliath frog
  7170 | D:8      | Reached skill level 5 in Evocations
  7426 | D:9      | Noticed Erica
  7581 | D:9      | Killed Erica
  7582 | D:9      | Reached skill level 10 in Unarmed Combat
  7739 | D:9      | Noticed Gastronok
  7763 | D:9      | Killed Gastronok
  7764 | D:9      | Reached XP level 11. HP: 36/58 MP: 7/12
  7866 | D:9      | Noticed Maurice
  7871 | D:9      | Noticed Maurice
  7871 | D:9      | Maurice changed into Maurice the fire bat
  7874 | D:9      | Killed Maurice the fire bat
  7906 | D:9      | Noticed a two-headed ogre
  7922 | D:9      | Killed a two-headed ogre
  7923 | D:9      | Reached skill level 11 in Unarmed Combat
  8344 | D:10     | Entered Level 10 of the Dungeon
  8419 | D:10     | Noticed a death yak
  8445 | D:10     | Noticed a death yak
  8448 | D:10     | Noticed a death yak
  8459 | D:10     | Killed a death yak
  8472 | D:10     | Killed a death yak
  8473 | D:10     | Killed a death yak
  8515 | D:10     | Found a staircase to the Lair.
  8555 | D:10     | Noticed a two-headed ogre
  8563 | D:10     | Killed a two-headed ogre
  8867 | D:10     | Reached skill level 12 in Unarmed Combat
  8878 | D:10     | Identified the +1 ring mail of Impressiveness {rF+ Int+2}
  8957 | D:10     | Noticed a death knight
  8957 | D:10     | Noticed a wizard
  8958 | D:10     | Noticed a cyan ugly thing
  8959 | D:10     | Noticed an ogre mage
  8959 | D:10     | Noticed a cyclops
  8959 | D:10     | Noticed a cyan ugly thing
  8972 | D:10     | Noticed an orc knight
  9273 | D:10     | Found an opulent altar of Gozag.
  9481 | D:11     | Reached XP level 12. HP: 65/65 MP: 13/13
  9687 | D:11     | Found a gate leading to a gauntlet.
  9688 | D:11     | Noticed a four-headed hydra
  9699 | D:11     | Killed a four-headed hydra
  9712 | Gauntlet | Entered a Gauntlet
  9712 | Gauntlet | Found a transporter.
  9712 | Gauntlet | Found a transporter.
  9716 | Gauntlet | Found a transporter.
  9716 | Gauntlet | Found a transporter.
  9725 | Gauntlet | Found a transporter.
  9726 | Gauntlet | Noticed a catoblepas
  9732 | Gauntlet | Found a transporter.
  9741 | Gauntlet | Found a transporter.
  9743 | Gauntlet | Found a transporter.
  9743 | Gauntlet | Found a transporter.
  9743 | Gauntlet | Noticed an entropy weaver
  9749 | Gauntlet | Found a transporter.
  9785 | Gauntlet | Found a transporter.
  9803 | Gauntlet | Found a transporter.
  9849 | Gauntlet | Found a transporter.
  9863 | Gauntlet | Found a transporter.
  9965 | Gauntlet | Found a transporter.
  9967 | Gauntlet | Found a large runed translucent door.
  9967 | Gauntlet | Found a large runed translucent door.
  9968 | Gauntlet | Found a large runed translucent door.
  9968 | Gauntlet | Found a large runed translucent door.
  9969 | Gauntlet | Found a runed translucent door.
  9969 | Gauntlet | Found a large runed translucent door.
  9969 | Gauntlet | Found a large runed translucent door.
  9969 | Gauntlet | Found a runed translucent door.
  9969 | Gauntlet | Found a large runed translucent door.
  9969 | Gauntlet | Found a large runed translucent door.
  9970 | Gauntlet | Found a large runed translucent door.
  9970 | Gauntlet | Found a large runed translucent door.
  9973 | Gauntlet | Found a large runed translucent door.
  9973 | Gauntlet | Found a large runed translucent door.
  9975 | Gauntlet | Found a large runed translucent door.
  9975 | Gauntlet | Found a large runed translucent door.
  9975 | Gauntlet | Found a large runed translucent door.
  9977 | Gauntlet | Found a runed translucent gate.
  9977 | Gauntlet | Found a runed translucent gate.
  9977 | Gauntlet | Found a runed translucent gate.
  9979 | Gauntlet | Found a transporter.
  9990 | Gauntlet | Found a large runed translucent door.
 10159 | Gauntlet | HP: 1/65 [catoblepas (18)]
 10160 | Gauntlet | Mangled by a catoblepas

Illustrated notes

Levels and vault maps discovered:
D:1:      lightli_arrival_maybe_door_vault, layout_rooms, st_stairs_10,
          item_on_display_a
D:2:      layout_basic, uniq_natasha, uniq_jessica, uniq_sigmund
D:3:      minmay_goblin_kobold_castle, layout_basic,
          hellmonk_ecumenical_altar_leap_of_faith
D:4:      layout_basic, minitemple, minmay_temple_entry_ruins
D:5:      layout_basic, lemuel_doored_altar
D:6:      layout_loops_ring, mainiacjoe_overflow_24_doors, serial_shops, shop,
          roderic_roman_lattice, nicolae_shop_self_help
D:7:      layout_basic, mainiacjoe_overflow_surrounded_room,
          minmay_misc_feat_more_columns, the_hattery
D:8:      nzn_winding_woodlands_small [nzn_winding_woodlands_5x15_concentric,
          nzn_winding_woodlands_center_diamonds,
          nzn_winding_woodlands_5x15_eye], layout_cave_pools,
          lemuel_crystal_altar
D:9:      layout_roguey, uniq_maurice, uniq_erica, uniq_gastronok
D:10:     layout_loops_ring, grunt_gozag_breadcrumbs, dpeg_lair_monsters,
          fungi_pond_lemuel, minivault_12
D:11:     layout_roguey, erik_orc_1, gauntlet_entry_generic
Temple:   nicolae_temple_no_exploring_needed
Gauntlet: gammafunk_gauntlet_branching [gammafunk_gauntlet_arena_grid,
          nicolae_gauntlet_arena_grate_2, nicolae_gauntlet_arena_t_cross,
          gammafunk_gauntlet_arena_arrow_garden, gammafunk_gauntlet_arena_mazey,
          minmay_gauntlet_arena_make_your_own_arena,
          gammafunk_gauntlet_arena_corners, gammafunk_gauntlet_arena_teeth,
          gauntlet_exit_green]

Skill      XL: |  1  2  3  4  5  6  7  8  9 10 11 |
---------------+----------------------------------+-----
Fighting       | 3 4 5 6 7 8 |  8.3
Armour         | 2 3 4 5 6 7 |  7.3
Unarmed Combat | 4 5 6 7 9 10 12 | 12.4
Evocations     | 2 3 4 5 7 |  7.2
Shields        | 4 |  4.0
Dodging        | |  1.5

Action                   |  1- 3 |  4- 6 |  7- 9 | 10-12 || total
-------------------------+-------+-------+-------+-------++-------
Melee: Unarmed           |    56 |   145 |   337 |   318 ||   856
       Bite              |    10 |    33 |   125 |   131 ||   299
       Punch             |     2 |     2 |     1 |       ||     5
Throw: Boomerang         |    10 |    40 |    18 |       ||    68
       Stone             |       |       |    23 |     8 ||    31
Invok: Berserk           |     2 |     5 |     6 |     6 ||    19
       Brothers in Arms  |       |       |     1 |       ||     1
       Trog's Hand       |       |       |       |     8 ||     8
Evoke: Wand              |       |       |       |    15 ||    15
       Lightning rod     |       |       |       |     4 ||     4
  Use: Scroll            |     5 |     2 |     9 |     3 ||    19
       Potion            |       |       |       |     1 ||     1
Armor: Animal skin       |    12 |     2 |       |       ||    14
       Ring mail         |       |    47 |    69 |       ||   116
       Chain mail        |       |       |    47 |    91 ||   138
Dodge: Dodged            |    32 |   132 |   156 |    84 ||   404
Block: Buckler           |       |       |    47 |   117 ||   164
       Reflection        |       |       |       |     6 ||     6

Table legend: (Time is in decaauts)
 A = Elapsed time spent in this place.
 B = Non-inter-level travel time spent in this place.
 C = Inter-level travel time spent in this place.
 D = Time resting spent in this place.
 E = Time spent auto-exploring this place.
 F = Levels seen in this place.
 G = Mean time per level.
                   A        B        C        D        E       F      G
               +--------+--------+--------+--------+--------+-----+--------+
         Total |  10253 |   9860 |    393 |   1335 |   6375 |  13 |  788.7 |
       Dungeon |   9804 |   9411 |    393 |   1335 |   6107 |  11 |  891.3 |
        Temple |      1 |      1 |      0 |      0 |      0 |   1 |    1.0 |
      Gauntlet |    447 |    447 |      0 |      0 |    268 |   1 |  447.0 |
               +--------+--------+--------+--------+--------+-----+--------+

Top non-repeatable levels by time:
     D:3: 1433 daAuts
     D:4: 1107 daAuts
     D:1: 1102 daAuts
    D:10: 1062 daAuts
     D:8: 916 daAuts
     D:2: 905 daAuts
     D:5: 836 daAuts
     D:9: 816 daAuts
     D:6: 784 daAuts
     D:7: 566 daAuts
Gauntlet: 447 daAuts
    D:11: 273 daAuts
  Temple: 1 daAuts
